 Seeded DCSS version 0.31-a0-16-g6d2539766c (webtiles) character file.

Game seed: 18446744073709551615 (custom seed)

45 muata the Slasher (level 3, 0/46 HPs)
             Began as a Minotaur Berserker on May 8, 2023.
             Was a Follower of Trog.
             Slain by a gnoll
             ... wielding a +0 spear
              (3 damage)
             ... on level 2 of the Dungeon.
             The game lasted 00:01:47 (1006 turns).

muata the Slasher (Minotaur Berserker)              Turns: 1006, Time: 00:01:48

Health: 0/46       AC:  2    Str: 23    XL:     3   Next: 42%
Magic:  2/2        EV: 12    Int:  4    God:    Trog [*.....]
Gold:   45         SH:  0    Dex:  9    Spells: 2/2 levels left

rFire   . . .        a - +0 falchion
rCold   . . .        (no shield)
rNeg    . . .        b - +0 animal skin
rPois   .            (helmet restricted)
rElec   .            (no cloak)
rCorr   .            (no gloves)
SInv    .            (no boots)
Will    .....        (no amulet) Stlth
                     (no ring)
HPRegen 0.27/turn    (no ring)
MPRegen 0.08/turn

%: no passive effects
@: berserking, very quick
A: horns 2, retaliatory headbutt
a: Renounce Religion, Berserk


You were on level 2 of the Dungeon.
You worshipped Trog.
Trog was aware of your devotion.
You visited 1 branch of the dungeon, and saw 2 of its levels.

You collected 45 gold pieces.

Inventory:

Hand Weapons
 a - a +0 falchion (weapon)
Armour
 b - a +0 animal skin (worn)
Jewellery
 l - a +4 ring of slaying
Scrolls
 d - 3 scrolls of identify {unknown}
 f - a scroll of immolation {unknown}
 g - 2 scrolls of magic mapping {unknown}
 h - 2 scrolls of noise {unknown}
 k - a scroll of torment {unknown}
Potions
 c - a potion of curing {unknown}
 e - 3 potions of degeneration {unknown}
 i - a potion of haste {unknown}
 j - a potion of might {unknown}


   Skills:
 - Level 3.6 Fighting
 + Level 3.5(4.1) Short Blades
 - Level 3.6(4.4) Long Blades
 - Level 2.4 Armour
 - Level 2.1 Dodging


You had 2 spell levels left.
You didn't know any spells.
Your spell library was empty.

Dungeon Overview and Level Annotations

Branches:
Dungeon (2/15)

Altars:


Innate Abilities, Weirdness & Mutations

You have a pair of horns on your head.
You reflexively headbutt those who attack you in melee.


Message History

A gnoll and a frilled lizard come into view.
The gnoll shouts! x2; The frilled lizard hisses angrily.
The gnoll hits you with a +0 spear.
You hit the gnoll but do no damage. Your headbutt misses the gnoll.
The gnoll hits you with a +0 spear.
You hit the gnoll. You headbutt the gnoll!
The gnoll is severely wounded.
The gnoll hits you with a +0 spear. The gnoll hits you with a +0 spear.
* * * LOW HITPOINT WARNING * * *
The gnoll attacks as you move away! The gnoll hits you with a +0 club.
* * * LOW HITPOINT WARNING * * *
A red film seems to cover your vision as you go berserk!
You feel yourself moving faster!
You feel mighty! The gnoll barely misses you.
You slash the gnoll! You headbutt the gnoll.
You kill the gnoll!
Trog accepts your kill.
The gnoll throws a stone.
The stone hits you.
* * * LOW HITPOINT WARNING * * *
A hobgoblin comes into view.
Your Short Blades skill increases to level 3!
You have reached level 3!
Your experience leads to an increase in your attributes!
Increase (S)trength, (I)ntelligence, or (D)exterity?
You feel stronger. x2
The gnoll misses you.
Things that are here:
a +0 club; a gnoll corpse You barely miss the gnoll.
Your headbutt misses the gnoll. You slash the gnoll! You headbutt the gnoll.
You kill the gnoll!
Trog accepts your kill.
You barely miss the gnoll. Your headbutt misses the gnoll.
The gnoll closely misses you. The gnoll misses you.
You hit the gnoll. Your headbutt misses the gnoll.
The gnoll is heavily wounded.
You barely miss the gnoll.
The gnoll is heavily wounded.
The gnoll hits you from afar with a +0 spear.
You die...

#. #.....# #....> .#
#.....# #.....
..####..#########.....
.........>............
....##..#########.....
#####......## ##.....
.....##.##..# ###..####
.... #.##..####....#
...g #@#....#.....##
#.g#g#.........##
#.gl.....#..### #
#.g.#.......### ###
.......<.........#####..
...##..........#...##..#
## ...##..#..#.......##
...# #..#.8###.....#
.... ####..# #....[#


You could see 2 gnolls, a hobgoblin and a frilled lizard.

Vanquished Creatures
  2 gnolls (D:2)
  A worm (D:1)
  2 ball pythons (D:1)
  2 endoplasms (D:1)
  A giant cockroach (D:2)
  4 goblins (D:1)
  2 hobgoblins (D:1)
  2 kobolds (D:1)
  2 bats
  A frilled lizard (D:1)
  3 rats (D:1)
22 creatures vanquished.

Notes
Turn   | Place    | Note
-------+----------+-------------------------------------------
     0 | D:1      | muata the Minotaur Berserker began the quest for the Orb.
     0 | D:1      | Reached XP level 1. HP: 19/19 MP: 0/0
    27 | D:1      | Reached skill level 1 in Short Blades
   129 | D:1      | Reached XP level 2. HP: 23/26 MP: 1/1
  1001 | D:2      | Reached XP level 3. HP: 2/31 MP: 2/2
  1006 | D:2      | Slain by a gnoll

Illustrated notes

Levels and vault maps discovered:
D:1:      dpeg_arrival_brainrot, layout_loops_ring
D:2:      layout_rooms, chequers_decorated_corner, uniq_robin

Skill      XL: |  1  2 |
---------------+-------+-----
Short Blades   | 1 3 |  3.5
Fighting       | |  3.6
Long Blades    | |  3.6
Armour         | |  2.4
Dodging        | |  2.1

Action                     || total
---------------------------++-------
  Melee: Falchion          ||    56
         Headbutt          ||    10
         Punch             ||     1
 Invoke: Berserk           ||     1
   Stab: Sleeping          ||     1
 Armour: Animal skin       ||     6
  Dodge: Dodged            ||    30

Table legend: (Time is in decaauts)
 A = Elapsed time spent in this place.
 B = Non-inter-level travel time spent in this place.
 C = Inter-level travel time spent in this place.
 D = Time resting spent in this place.
 E = Time spent auto-exploring this place.
 F = Levels seen in this place.
 G = Mean time per level.
                   A        B        C        D        E       F      G
               +--------+--------+--------+--------+--------+-----+--------+
         Total |   1008 |    898 |    110 |      0 |    716 |   2 |  504.0 |
       Dungeon |   1008 |    898 |    110 |      0 |    716 |   2 |  504.0 |
               +--------+--------+--------+--------+--------+-----+--------+

Top non-repeatable levels by time:
     D:1: 934 daAuts
     D:2: 74 daAuts
